 Dungeon Crawl Stone Soup version 0.20-a0-738-gb057e68 (webtiles) character file.

1654 Minion the Grappler (level 8, -1/80 HPs)
             Began as a Troll Monk on Feb 24, 2017.
             Slain by a two-headed ogre
             ... wielding a cursed -1 giant club
              (13 damage)
             ... on level 8 of the Dungeon.
             The game lasted 00:08:58 (5605 turns).

Minion the Grappler (Troll Monk)                    Turns: 5605, Time: 00:08:58

Health: -1/80      AC:  3    Str: 20    XL:     8   Next: 68%
Magic:  0/7        EV: 12    Int:  6    God:
Gold:   329        SH:  0    Dex: 14    Spells: 7/7 levels left

rFire    . . .     SeeInvis .     - Unarmed
rCold    . . .     Gourm    +   s - -2 robe (curse)
rNeg     + . .     Faith    .   (no shield)
rPois    .         Spirit   +   (helmet restricted)
rElec    .         Reflect  .   o - scarf {Spirit}
rCorr    .         Harm     .   (gloves unavailable)
MR       .....                  (boots unavailable)
Stlth    ++........             g - amulet of rage
Regen    0.7/turn               (no ring)
MPRegen  0.1/turn               x - ring of positive energy

@: no status effects
A: unfitting armour, claws 3, fast metabolism 3, gourmand, regeneration 1,
shaggy fur 1, tough skin 2
a: Evoke Berserk Rage


You were on level 8 of the Dungeon.
You were very full.

You visited 2 branches of the dungeon, and saw 9 of its levels.

You collected 329 gold pieces.

Inventory:

Armour
 a - a +1 robe
 o - a scarf of spirit shield (worn)
 s - a cursed -2 robe (worn)
Jewellery
 g - an amulet of rage (around neck)
 x - a ring of positive energy (left claw)
Scrolls
 i - a scroll of identify
 n - a scroll of enchant armour
 u - 2 scrolls of enchant weapon
 y - a scroll of random uselessness {unknown}
Potions
 c - 2 potions of mutation
 d - 2 potions of magic
 e - a potion of might {unknown}
 f - a potion of brilliance {unknown}
 h - 2 potions of invisibility
 k - 4 potions of berserk rage
 l - 3 potions of curing
 m - a potion of degeneration {unknown}
 p - 3 potions of flight {unknown}
 q - a potion of agility
 t - 4 potions of heal wounds
 v - a potion of haste {unknown}
Books
 w - a book of Air

   Spells                             Type                      Level
   a - Shock                          Conjuration/Air              1
   b - Swiftness                      Charms/Air                   2
   c - Static Discharge               Conjuration/Air              3
   d - Airstrike                      Air                          4
   e - Lightning Bolt                 Conjuration/Air              5
 z - a book of Misfortune

   Spells                             Type                      Level
   a - Confusing Touch                Hexes                        1
   b - Confuse                        Hexes                        3
   c - Gell's Gravitas                Translocation                3
   d - Petrify                        Transmutation/Earth          4
   e - Metabolic Englaciation         Hexes/Ice                    5
   f - Yara's Violent Unravelling     Hexes/Transmutation          5
Comestibles
 b - 3 bread rations
 j - 3 meat rations
 r - 3 fruits
 B - a royal jelly


   Skills:
 + Level 5.2 Fighting
 + Level 5.3 Dodging
 - Level 1.0 Stealth
 + Level 8.3 Unarmed Combat


You had 7 spell levels left.
You didn't know any spells.

Dungeon Overview and Level Annotations

Branches:
Dungeon (8/15)             Temple (1/1) D:7
   Lair: D:8-11

Altars:
Ashenzari
Cheibriados
Dithmenos
Elyvilon
Fedhas
Gozag
Hepliaklqana
Kikubaaqudgha
Makhleb
Nemelex Xobeh
Okawaru
Qazlal
Ru
Sif Muna
Trog
Uskayaw
Vehumet
Wu Jian
Xom
Yredelemnul
Zin
The Shining One


Innate Abilities, Weirdness & Mutations

You are too large for most types of armour.
You have claws for hands.
Your metabolism is lightning-fast.
You like to eat raw meat.
Your natural rate of healing is unusually fast.
You are covered in fur. (AC +1)
You have very tough skin. (AC +2)


Message History

The two-headed ogre is heavily wounded.
You barely miss the two-headed ogre.
The two-headed ogre is heavily wounded.
The two-headed ogre hits you with a giant club!!
* * * LOW HITPOINT WARNING * * *
The two-headed ogre closely misses you.
You are too injured to fight recklessly!
You are too injured to fight recklessly!
You barely miss the two-headed ogre.
The two-headed ogre is heavily wounded.
The two-headed ogre closely misses you.
The two-headed ogre hits you with a giant club!
* * * LOW HITPOINT WARNING * * *
You completely miss the two-headed ogre.
The two-headed ogre is heavily wounded.
You closely miss the two-headed ogre. Your claw misses the two-headed ogre.
The two-headed ogre is heavily wounded.
The two-headed ogre barely misses you.
The two-headed ogre hits you with a giant club!
You die...

..# ..# ..# %.# ..#
##..# #.O.# ### #@#
..# #.# ... #.# #.#
#.# #.# #.# #.#
##.#########.######
#..................
##.#########.######
### #.# ##


You could see a two-headed ogre.

Vanquished Creatures
  The ghost of Aradia the Magician, an amateur OpWn (D:4)
  Edmund (D:6)
  2 orc warriors
  A sky beast (D:7)
  A gnoll sergeant (D:6)
  A wyvern skeleton (D:7)
  A scorpion (D:5)
  A crimson imp (D:6)
  2 howler monkeys
  A centaur skeleton (D:7)
  5 hounds
  4 orc priests
  2 orc wizards
  A bullfrog skeleton (D:7)
  3 iguanas
  3 worker ants
  A hound zombie (D:7)
  A hound skeleton (D:6)
  A worker ant zombie (D:5)
  5 gnolls (D:6)
  10 adders
  A howler monkey skeleton (D:7)
  2 shadow imps (D:5)
  3 oozes
  An adder skeleton (D:5)
  3 worms
  3 dart slugs
  2 leopard geckos
  24 orcs
  A ball python (D:4)
  6 bats
  4 giant cockroaches
  6 goblins
  7 hobgoblins
  12 jackals
  3 quokkas
  3 frilled lizards
  A jackal zombie (D:6)
  5 kobolds
  A leopard gecko skeleton (D:5)
  A leopard gecko zombie (D:5)
  5 rats
142 creatures vanquished.

Notes
Turn   | Place    | Note
-------+----------+-------------------------------------------
     0 | D:1      | Minion the Troll Monk began the quest for the Orb.
     0 | D:1      | Reached XP level 1. HP: 22/22 MP: 0/0
    84 | D:1      | Reached XP level 2. HP: 29/29 MP: 1/1
   183 | D:1      | Reached skill level 4 in Unarmed Combat
   240 | D:1      | Reached XP level 3. HP: 21/36 MP: 2/2
   974 | D:2      | Reached XP level 4. HP: 37/44 MP: 3/3
  1039 | D:2      | Reached skill level 5 in Unarmed Combat
  2284 | D:4      | Reached skill level 6 in Unarmed Combat
  2284 | D:4      | Reached XP level 5. HP: 50/50 MP: 4/4
  2322 | D:4      | Noticed Aradia's ghost (amateur OpWn)
  2366 | D:4      | Killed Aradia's ghost
  2366 | D:4      | Reached XP level 6. HP: 59/59 MP: 5/5
  2844 | D:5      | Entered Level 5 of the Dungeon
  3023 | D:5      | Noticed an orc warrior
  3122 | D:4      | Killed an orc warrior
  3122 | D:4      | Reached XP level 7. HP: 23/67 MP: 6/6
  3217 | D:5      | Found a hide-covered altar of Uskayaw.
  3217 | D:5      | Noticed a hand axe
  3217 | D:5      | Noticed a hand axe
  3511 | D:5      | Reached skill level 7 in Unarmed Combat
  4015 | D:6      | Noticed Edmund
  4024 | D:6      | Killed Edmund
  4166 | D:6      | Reached XP level 8. HP: 79/79 MP: 7/7
  4730 | D:7      | Reached skill level 5 in Dodging
  4740 | D:7      | Reached skill level 5 in Fighting
  4740 | D:7      | Reached skill level 8 in Unarmed Combat
  4859 | D:7      | Found a staircase to the Ecumenical Temple.
  4890 | Temple   | Entered the Ecumenical Temple
  5243 | D:7      | Found a bloodstained altar of Trog.
  5249 | D:7      | Found a shimmering altar of Xom.
  5251 | D:7      | Found a sacrificial altar of Ru.
  5252 | D:7      | Found a sparkling altar of Nemelex Xobeh.
  5253 | D:7      | Found a basalt altar of Yredelemnul.
  5254 | D:7      | Found a white marble altar of Elyvilon.
  5255 | D:7      | Found an iron altar of Okawaru.
  5597 | D:8      | Noticed a two-headed ogre
  5605 | D:8      | Slain by a two-headed ogre

Vault maps used:
D:1:      eino_arrival_water_star
D:2:      minmay_vboxes
D:4:      first_bread
D:5:      dancing_weapons_uskayaw
D:6:      uniq_edmund
D:7:      minitemple, temple_statues, serial_glass, glass_columns_a,
          glass_columns_c, glass_columns_a, glass_columns_a,
          due_unseen_surprise, minmay_strange_pillars, item_on_display_a,
          feat_on_display
D:8:      due_lair_maze_entry_diamond, serial_glass, glass_columns_a,
          glass_columns_a
Temple:   jpeg_temple_clearing

Skill      XL: |  1  2  3  4  5  6  7  8 |
---------------+-------------------------+-----
Unarmed Combat | 4 6 7 8 |  8.3
Fighting       | 3 4 5 |  5.2
Dodging        | 3 4 5 |  5.3
Stealth        | |  1.0

Action                   |  1- 3 |  4- 6 |  7- 9 || total
-------------------------+-------+-------+-------++-------
Melee: Unarmed           |    91 |   121 |   181 ||   393
       Punch             |     2 |     2 |     8 ||    12
  Use: Scroll            |       |       |    15 ||    15
       Potion            |       |       |     1 ||     1
 Stab: Sleeping          |     1 |     6 |     1 ||     8
       Distracted        |       |       |     1 ||     1
  Eat: Chunk             |    14 |    19 |    22 ||    55
Armor: Robe              |    34 |    17 |    28 ||    79
Dodge: Dodged            |    49 |    38 |    69 ||   156
